[Event "Late-Titled-Tuesday-Blitz-September-26-2023"]
[Site "Chess.com"]
[Date "2023.09.26"]
[Round "2"]
[White "Dewarfd"]
[Black "Korchmar_Vasiliy"]
[Result "0-1"]
[WhiteElo "2223"]
[BlackElo "2671"]
[TimeControl "180+1"]
[EndTime "14:18:20 PDT"]
[Termination "Korchmar_Vasiliy won by resignation"]

1. d4 Nf6 2. e3 d5 3. Nf3 c5 4. dxc5 e6 5. c4 Bxc5 6. Nc3 O-O 7. cxd5 exd5 8. Be2 Nc6 9. O-O Bg4 10.
h3 Bh5 11. Nb5 a6 12. Nbd4 Rc8 13. Nxc6 Rxc6 14. b3 Ne4 15. Bb2 Rh6 16. Nd4 Bg6 17.
Bg4 Bd6 18. Rc1 Qf6 19. Qf3 Qe5 20. Qf4 Qxf4 21. exf4 Bxf4 22. Rc8 Rxc8 23. Bxc8 Nd6 24. Bg4 Be4 25. g3 Be5 26. Rc1 f5 27. Nxf5 Bxb2 28.
Nxh6+ gxh6 29. Rd1 d4 30. Kf1 Bc2 31. Rd2 d3 32.
Be6+ Kg7 33. Bc4 Nxc4 34. bxc4 Bc3 35. Ke1 Kf6 36. f3 Ke5 37. f4+ Ke4 38. h4 Ke3 39. f5 Ba4 40. g4 Bxd2+ 41. Kf1 Bc3 42. g5 hxg5 43. hxg5 d2 44. g6 d1=Q+ 45. Kg2 Bc6+ 46. Kg3 Be5+ 47. Kh4 Bf6+ 48. Kg3 Qf3+ 0-1

[Event "Late-Titled-Tuesday-Blitz-September-26-2023"]
[Site "Chess.com"]
[Date "2023.09.26"]
[Round "2"]
[White "IngOscarArdila"]
[Black "Jarming"]
[Result "0-1"]
[WhiteElo "2378"]
[BlackElo "2650"]
[TimeControl "180+1"]
[EndTime "14:18:20 PDT"]
[Termination "Jarming won by resignation"]

1. d4 Nf6 2. c4 g6 3. Nc3 d5 4.
Nf3 Bg7 5. e3 O-O 6. Be2 c5 7.
cxd5 Nxd5 8. O-O cxd4 9. Nxd4 Nc6 10. Nxd5 Qxd5 11. Bf3 Qc4 12. Nxc6 bxc6 13. b3 Qb5 14. Rb1 Ba6 15. Re1 Qd3 16. Ba3 Bc3 17. Bxe7 Bxe1 18. Qxe1 Rfc8 19. Rd1 Qf5 20. Qc3 Qe6 21. Bf6 Rf8 22. h3 h5 23. a3 Kh7 24. b4 Bb5 25. Rd2 a6 26. Rd1 Ra7 27. Bg7 Re8 28. Bf6 Rd7 29.
Rxd7 Qxd7 30. Bh8 Rxh8 31. Qf6 Rd8 32. g3 Re8 33. g4 Qe7 34. Qf4 hxg4 35. hxg4 Qe5 36.
Qxf7+ Kh6 37. Kg2 Rh8 38. Qf4+ Qxf4 39. exf4 Rd8 40. g5+ Kg7 41. Bg4 Rd3 42. f3 Rxa3 43. f5 gxf5 44. Bxf5 Rb3 45. f4 Rxb4 46. Kg3 a5 47.
Be6 Be2 48. f5 Rg4+ 49. Kf2 Rxg5 50. Kxe2 a4 51. Kd3 a3 52. Kc3 Rg3+ 53. Kb4 Kf6 54. Kc5 Re3 55. Kd6 c5 56. Bc4 Rc3 57. Bd5 c4 58. Be6 a2 0-1

[Event "Late-Titled-Tuesday-Blitz-September-26-2023"]
[Site "Chess.com"]
[Date "2023.09.26"]
[Round "2"]
[White "ValeriyGrinev"]
[Black "Eduard_Limonov"]
[Result "0-1"]
[WhiteElo "2545"]
[BlackElo "2834"]
[TimeControl "180+1"]
[EndTime "14:18:21 PDT"]
[Termination "Eduard_Limonov won by resignation"]

1. d4 Nf6 2. c4 d6 3. Nc3 Nbd7 4. Nf3 e5 5. e4 Be7 6. Be2 O-O 7. O-O a5 8. Qc2 Re8 9. Rd1 Bf8 10. Bf1 c6 11.
Be3 Qc7 12. Rac1 exd4 13. Nxd4 Nc5 14. f3 b6 15. b3 Bd7 16. Bf2 Rad8 17. a3 h6 18. b4 axb4 19. axb4 Ne6 20. b5 c5 21.
Nde2 g6 22. Bh4 g5 23. Bf2 Bg7 24. Ng3 Nd4 25. Rxd4 cxd4 26. Bxd4 Nxe4 27. Ngxe4 Bxd4+ 28. Kh1 Be6 29. Rd1 Bg7 30. h4 gxh4 31. Nd5 Bxd5 32. Rxd5 Re5 33. Rd1 Qe7 34. Qf2 d5 35. Qxb6 Re6 36.
Qc5 dxe4 37. Qxe7 Rxd1 38. Qxh4 Rxf1+ 39. Kh2 exf3 40. Qd8+ Bf8 41. gxf3 Rxf3 42. Kg2 Rb3 43. Kf2 Re4 44. Qd5 Rf4+ 45. Ke2 Rh4 46. Kd2 Rh2+ 47.
Kc1 Rg3 48. Qd1 Bc5 49. Qd8+ Kg7 0-1

[Event "Late-Titled-Tuesday-Blitz-September-26-2023"]
[Site "Chess.com"]
[Date "2023.09.26"]
[Round "2"]
[White "GiorgianBarbosa"]
[Black "Journey_to_GrandMaster_YT"]
[Result "0-1"]
[WhiteElo "2370"]
[BlackElo "2613"]
[TimeControl "180+1"]
[EndTime "14:18:21 PDT"]
[Termination "Journey_to_GrandMaster_YT won on time"]

1. c4 d6 2. g3 Nf6 3. Bg2 Nbd7 4. Nc3 e5 5. e3 Be7 6. Nge2 O-O 7. O-O c6 8. d3 Re8 9. Rb1 a5 10. a3 Nf8 11. b4 axb4 12. axb4 d5 13. cxd5 cxd5 14.
Qb3 Be6 15. d4 e4 16. Nf4 Bg4 17. Ncxd5 Nxd5 18. Qxd5 g5 19. h3 gxf4 20. Qxd8 Rexd8 21. hxg4 f3 22. Bh3 Ne6 23. Rd1 Nc7 24. Bf1 Nd5 25.
Bd2 Nf6 26. Ra1 Nxg4 27. Bh3 Nf6 28. Bf5 Kg7 29. Bc3 Kh6 30. g4 Kg5 31. d5 Rxa1 32.
Bxa1 h5 33. Bxf6+ Kxf6 34. Bxe4 hxg4 35. Bh7 Ke5 36. e4 b6 37. Bf5 Kf4 38. b5 Bc5 39. Kf1 Rh8 40. Kg1 g3 41. Rf1 g2 0-1

[Event "Late-Titled-Tuesday-Blitz-September-26-2023"]
[Site "Chess.com"]
[Date "2023.09.26"]
[Round "2"]
[White "Giorno"]
[Black "Garmendiarov"]
[Result "1-0"]
[WhiteElo "2500"]
[BlackElo "2298"]
[TimeControl "180+1"]
[EndTime "14:18:21 PDT"]
[Termination "Giorno won by resignation"]

1. d4 Nf6 2. Bf4 g6 3. Nf3 Bg7 4. e3 O-O 5. h3 d6 6. Be2 Nc6 7.
Bh2 Nd7 8. O-O e5 9. dxe5 dxe5 10. Nc3 f5 11. Bc4+ Kh8 12. Bb3 f4 13. exf4 exf4 14.
Qd5 Nde5 15. Nxe5 Bxe5 16. Qxd8 Rxd8 17. Rad1 Bf5 18. Nd5 Nd4 19. c3 Nxb3 20. axb3 Bc2 21. Rc1 Bd3 22. Nxf4 Bxf4 23. Bxf4 Bxf1 24. Bxc7 Rd2 25.
Kxf1 Re8 26. Bf4 Rxb2 27. b4 Ree2 28. Be3 Rec2 29. Rd1 Kg8 30. Bxa7 Rd2 31. Re1 Rbc2 32. Bd4 Kf7 33. h4 h6 34. g4 h5 35. gxh5 gxh5 36. Re5 Kg6 37. Kg2 Rd3 38. b5 Rb2 39. b6 Rdd2 40.
Re7 Re2 41. Rxb7 Re5 42. Bxe5 Kf5 43. Bd4 Kg4 44. Rg7+ Kf5 45. b7 Ke6 46. Ba7 Kf6 47.
Rh7 Kg6 48. Rc7 Rxb7 49. Rxb7 1-0

[Event "Late-Titled-Tuesday-Blitz-September-26-2023"]
[Site "Chess.com"]
[Date "2023.09.26"]
[Round "2"]
[White "Taran2004"]
[Black "canary2016"]
[Result "1-0"]
[WhiteElo "2439"]
[BlackElo "2137"]
[TimeControl "180+1"]
[EndTime "14:18:21 PDT"]
[Termination "Taran2004 won on time"]

1. e4 c5 2. Nf3 d6 3. d4 cxd4 4. Qxd4 Nf6 5. e5 dxe5 6. Qxd8+ Kxd8 7. Nxe5 Be6 8. Bb5 Nbd7 9. Nd3 Rc8 10. c3 a6 11. Ba4 Bf5 12. Nf4 e6 13. O-O Bd6 14. Rd1 Ke7 15. Ne2 Rhd8 16. Bg5 h6 17. Bh4 g5 18. Bg3 Bxg3 19. Nxg3 Bg6 20. Nd2 Nc5 21.
Bb3 Rd7 22. Nc4 Rcd8 23. Rxd7+ Rxd7 24. Rd1 Rxd1+ 25. Bxd1 Nd3 26. Be2 b5 27. Bxd3 Bxd3 28. Ne5 Bh7 29. Ne2 Ne4 30. Nd4 Nc5 31. Nec6+ Kf6 32.
Nb3 Nxb3 33. axb3 Bc2 34. b4 Bd3 35. Nb8 Ke5 36. Nxa6 Kd6 37. Nc5 Bc4 38. f3 Kc6 39. Kf2 Kd5 40. Ke3 Kd6 41. g3 f5 42. f4 Ke7 43.
Kd4 Kd6 44. Nb7+ Ke7 45. Ke5 Bd5 46. Nd6 gxf4 47. gxf4 Bc6 48. c4 Kd7 49. cxb5 Bd5 50.
b6 Kc6 51. b7 Kc7 52. b5 Kb8 53. b6 Bg2 54. Kxe6 1-0

[Event "Late-Titled-Tuesday-Blitz-September-26-2023"]
[Site "Chess.com"]
[Date "2023.09.26"]
[Round "2"]
[White "Dontmesswithme_2"]
[Black "hurricane7791"]
[Result "0-1"]
[WhiteElo "2399"]
[BlackElo "2707"]
[TimeControl "180+1"]
[EndTime "14:18:22 PDT"]
[Termination "hurricane7791 won by checkmate"]

1. Nf3 c5 2. g3 Nc6 3. Bg2 g6 4. c4 Bg7 5. O-O d6 6. Nc3 e6 7. b3 Nge7 8. Bb2 b6 9. e3 Bb7 10.
d4 cxd4 11. Nxd4 a6 12. Qd2 Qd7 13. Rfd1 Nxd4 14. Bxb7 Qxb7 15. exd4 O-O 16. d5 e5 17.
Ne4 Qd7 18. Ba3 Nc8 19. b4 a5 20. c5 axb4 21. c6 Qe7 22. Bxb4 h6 23. a4 f5 24. Nc3 e4 25. Ra2 g5 26. Nb5 f4 27. Bc3 Bxc3 28. Qxc3 Qf7 29. Nd4 Qxd5 30. Rad2 Rxa4 31. g4 Qc4 32.
Qb2 Ne7 33. Rc2 Qd5 34. Rdd2 Qf7 35. Nb5 e3 36. Rxd6 f3 37. fxe3 Rxg4+ 38. Kf1 Nf5 39. Rd3 Re4 40. c7 Qe6 41. Qa2 Qxa2 42. Rxa2 Nxe3+ 43. Kf2 Ng4+ 44. Kg3 f2 45. Rd1 h5 46. h4 Re3+ 47. Kg2 gxh4 48. Rad2 h3+ 49. Kh1 f1=Q+ 50. Rxf1 Rxf1# 0-1

[Event "Late-Titled-Tuesday-Blitz-September-26-2023"]
[Site "Chess.com"]
[Date "2023.09.26"]
[Round "2"]
[White "ZuraTqebuchava"]
[Black "elpatodice"]
[Result "0-1"]
[WhiteElo "2244"]
[BlackElo "2468"]
[TimeControl "180+1"]
[EndTime "14:18:22 PDT"]
[Termination "elpatodice won on time"]

1. e4 c5 2. Nf3 g6 3. c3 Bg7 4. d4 cxd4 5. Nxd4 Nc6 6. Be3 Nf6 7.
Nxc6 bxc6 8. Bd3 O-O 9. O-O d5 10. exd5 cxd5 11. Bd4 Re8 12. Re1 Qc7 13. Be5 Qb6 14. Qb3 Qc5 15. Bd4 Qd6 16. Be5 Qc5 17. Nd2 Ng4 18. Bg3 Be6 19. Qa4 h5 20. Bxg6 fxg6 21.
Rxe6 Bf6 22. h3 Nh6 23. Rae1 Nf5 24. Rxf6 Kg7 25. Nb3 Qc4 26. Qxc4 dxc4 27. Rfe6 cxb3 28. axb3 Rad8 29. Bf4 Rd7 30. Bg5 Kf7 31. R6e2 e6 32. b4 Rd5 33. Ra1 Rd7 34. Ra6 Nd6 35. Re1 Nc4 36.
Rea1 Nxb2 37. Rxa7 Rxa7 38. Rxa7+ Kg8 39. Bf6 Nc4 40.
Kf1 Rc8 41. Ke2 Nd6 42. Rg7+ Kf8 43. Rxg6 Kf7 44. Rh6 Nf5 45. Rxh5 Kxf6 46. Rh7 Rxc3 47. b5 Rb3 0-1

[Event "Late-Titled-Tuesday-Blitz-September-26-2023"]
[Site "Chess.com"]
[Date "2023.09.26"]
[Round "2"]
[White "ShiroglanTalibov"]
[Black "Fleetw00dMac"]
[Result "1-0"]
[WhiteElo "2838"]
[BlackElo "2492"]
[TimeControl "180+1"]
[EndTime "14:18:24 PDT"]
[Termination "ShiroglanTalibov won on time"]

1. d4 Nf6 2. c4 g6 3. Nc3 Bg7 4. e4 d6 5. Nf3 O-O 6. Be2 e5 7. O-O exd4 8. Nxd4 Re8 9. f3 c6 10.
Nc2 Na6 11. Kh1 Nc7 12. Bg5 Ne6 13. Bh4 Nf4 14. Qd2 Nxe2 15. Qxe2 Qb6 16. b3 Nh5 17. Bf2 Qa5 18. b4 Qg5 19. Bd4 d5 20. cxd5 cxd5 21.
Bxg7 Kxg7 22. f4 Nxf4 23. Qf2 Qxg2+ 24. Qxg2 Nxg2 25. Kxg2 dxe4 26. Ne3 Be6 27. Rac1 Rad8 28. Rfd1 Rd3 29. Kf2 Red8 30. Nxe4 Rxd1 31. Nxd1 Rd4 32. Nc5 Rxb4 33. Nxe6+ fxe6 34. Rc7+ Kf6 35. Rxh7 Ra4 36. Nc3 Ra3 37. Rh3 Ke5 38. Re3+ Kf5 39. Kf3 a6 40. Ne4 Rxa2 41. h4 Ra1 42. Nd6+ Kf6 43. Nxb7 a5 44. Nc5 e5 45. Nd7+ Kg7 46. Nxe5 a4 47. Kf4 Rf1+ 48.
Nf3 Ra1 49. Re7+ Kf6 50. Ra7 a3 51. Ra6+ Ke7 52. Rxg6 a2 53. Rg2 Kf7 54. Kg4 Kg6 55. Ne5+ Kf6 56. Nd7+ Kg6 57. h5+ Kh7 58. Kg5 Kh8 59.
Nf6 Kg7 60. Ng4 Kh7 61. Rb2 1-0

[Event "Late-Titled-Tuesday-Blitz-September-26-2023"]
[Site "Chess.com"]
[Date "2023.09.26"]
[Round "2"]
[White "Pedrada88"]
[Black "expii"]
[Result "1-0"]
[WhiteElo "2474"]
[BlackElo "2247"]
[TimeControl "180+1"]
[EndTime "14:18:24 PDT"]
[Termination "Pedrada88 won by checkmate"]

1. e4 c5 2. Nf3 d6 3. d4 cxd4 4. Nxd4 Nf6 5. Nc3 g6 6. Be2 Bg7 7. O-O O-O 8. Be3 Nc6 9. Kh1 Be6 10. Nb3 a6 11. f4 b5 12. f5 Bxb3 13. axb3 Ne5 14. g4 Rc8 15. g5 Nfd7 16. Rxa6 b4 17. Nd5 Nc5 18. Ra7 Re8 19. f6 exf6 20. gxf6 Bf8 21.
Bd3 Ncxd3 22. cxd3 Ra8 23. Rxa8 Qxa8 24. Nc7 Qc6 25.
Nxe8 Qxe8 26. Qc2 Qe6 27. d4 Ng4 28. Bg5 h6 29. d5 Qe8 30. Qg2 h5 31. Rc1 Qe5 32.
Bh4 Qf4 33. Rf1 Qe5 34. Bg3 Qd4 35. Rc1 Nxf6 36. Qf3 Nxe4 37. Re1 Nf6 38. Bf2 Qxb2 39. Rd1 Ng4 40. Bg3 Qc3 41. Qxc3 bxc3 42. Rc1 Bg7 43. Be1 Ne3 44. Bxc3 Bxc3 45. Rxc3 Nxd5 46. Rd3 Nf4 47. Rxd6 g5 48. b4 f5 49. b5 Kg7 50. b6 g4 51.
b7 h4 52. b8=Q g3 53. Qc7+ Kh8 54. Rd8# 1-0

[Event "Late-Titled-Tuesday-Blitz-September-26-2023"]
[Site "Chess.com"]
[Date "2023.09.26"]
[Round "2"]
[White "VincentKeymer"]
[Black "jaskol95"]
[Result "1-0"]
[WhiteElo "3043"]
[BlackElo "2624"]
[TimeControl "180+1"]
[EndTime "14:18:25 PDT"]
[Termination "VincentKeymer won by checkmate"]

1. a3 d5 2. Nf3 Nf6 3. e3 Bf5 4. c4 c6 5. b4 e6 6. Bb2 Be7 7. Be2 Nbd7 8. O-O h6 9. Nc3 O-O 10. Re1 Re8 11. Bf1 Ne4 12. Ne2 Bf6 13. Bxf6 Ndxf6 14.
d3 Ng5 15. Nfd4 Bg6 16. f4 Ngh7 17. c5 e5 18. fxe5 Rxe5 19. Nf4 Bh5 20. Qd2 Qe7 21.
Be2 Bxe2 22. Rxe2 Re8 23. Rf1 Ng4 24. Rfe1 Nxe3 25. Nf3 d4 26. Nxd4 g5 27. Nh5 Ng4 28. h3 Qd7 29. Nf3 Rxe2 30. Rxe2 Rxe2 31. Qxe2 Ngf6 32. Ng3 Nd5 33. d4 Nf4 34. Qe5 Nf8 35.
Nf5 N8e6 36. Nxh6+ Kh7 37. Ng4 Ng6 38. Nf6+ Kh6 39.
Nxd7 Nxe5 40. Ndxe5 f6 41. Nd7 Kg6 42. g4 Nf4 43. Kh2 Ne2 44. d5 cxd5 45. b5 Nf4 46. c6 bxc6 47. bxc6 Ne6 48. Nf8+ Nxf8 49. c7 d4 50.
c8=Q d3 51. Qf5+ Kh6 52. Qxd3 Ne6 53. Qd6 Ng7 54. Qxf6+ Kh7 55. Nxg5+ Kg8 56. Qd8+ Ne8 57. Qxe8+ Kg7 58. h4 Kh6 59. Qf7 a5 60. Qh7# 1-0

[Event "Late-Titled-Tuesday-Blitz-September-26-2023"]
[Site "Chess.com"]
[Date "2023.09.26"]
[Round "2"]
[White "fyall777"]
[Black "AEMEffi"]
[Result "1-0"]
[WhiteElo "2562"]
[BlackElo "2355"]
[TimeControl "180+1"]
[EndTime "14:18:26 PDT"]
[Termination "fyall777 won on time"]

1. e4 e5 2. Nf3 Nc6 3. Nc3 Nf6 4. g3 Bc5 5. Bg2 d6 6. O-O Nd4 7. Nxd4 Bxd4 8. d3 c6 9. h3 Bd7 10. Kh2 Qe7 11. Be3 Bxe3 12. fxe3 b5 13. a4 b4 14.
Ne2 a5 15. c3 c5 16. cxb4 cxb4 17. Rc1 O-O 18. g4 Rfc8 19. Rxc8+ Rxc8 20. Ng3 g6 21. Rf2 Ne8 22. b3 Rc3 23. Ne2 Rc7 24. d4 Bc8 25.
Qd3 Kg7 26. Qb5 Rc2 27. Qxa5 d5 28. Qxd5 Bb7 29. Qxe5+ Qxe5+ 30. dxe5 Rb2 31. Kg3 Rxb3 32. Kf4 Ra3 33. Nd4 Rxa4 34. e6 f6 35. e5 Bxg2 36.
Rxg2 fxe5+ 37. Kxe5 Ra5+ 38. Ke4 Rc5 39. Kd3 Nd6 40.
Rb2 Kf6 41. Ke2 Rc4 42. Rb3 Ke7 43. Kd3 Rc3+ 44. Rxc3 bxc3 45. Kxc3 Ne4+ 46. Kc4 Nf2 47. Kd5 Nxh3 48. Nc6+ Kf6 49. Kd6 Ng5 50. e7 Ne4+ 51.
Kd7 Nc5+ 52. Kd8 Nb7+ 53. Kc7 Kf7 54. e4 Nc5 55. e5 Ke8 56. Kd6 Ne4+ 57. Ke6 Nf2 58.
Kf6 Nxg4+ 59. Ke6 Ne3 60. Na7 1-0

[Event "Late-Titled-Tuesday-Blitz-September-26-2023"]
[Site "Chess.com"]
[Date "2023.09.26"]
[Round "2"]
[White "Nekoo04"]
[Black "ChadBiryani"]
[Result "1-0"]
[WhiteElo "2321"]
[BlackElo "2487"]
[TimeControl "180+1"]
[EndTime "14:18:27 PDT"]
[Termination "Nekoo04 won on time"]

1. d4 Nf6 2. c4 e5 3. dxe5 Ng4 4. e4 Nxe5 5. f4 Nec6 6. Nf3 d6 7. Nc3 Be7 8. Be3 O-O 9. Bd3 Nd7 10. O-O Nc5 11. Bc2 Bg4 12. a3 a5 13. h3 Bxf3 14. Qxf3 Bf6 15. Rad1 Bxc3 16. bxc3 Qe7 17. Bxc5 dxc5 18.
Rd5 b6 19. Rfd1 Rad8 20. e5 f5 21. Rxd8 Nxd8 22. Ba4 Qh4 23. Qd5+ Kh8 24. e6 h6 25. Qd7 Nxe6 26. Qxe6 Qxf4 27. Rf1 Qg5 28. Bc6 Rf6 29. Qe8+ Kh7 30. Bd5 h5 31. Bg8+ Kh6 32. Bf7 Rxf7 33. Qxf7 Qe3+ 34. Kh1 g6 35. Qf8+ Kg5 36. Qd8+ Kh6 37.
Qxc7 Qe2 38. Qf4+ Kg7 39. Qf3 Qxc4 40. Rd1 Kh6 41. Qe3+ f4 42. Qd3 Qb3 43. Re1 Qd5 44. Qxd5 1-0

[Event "Late-Titled-Tuesday-Blitz-September-26-2023"]
[Site "Chess.com"]
[Date "2023.09.26"]
[Round "2"]
[White "aa175"]
[Black "MAGMAchess02"]
[Result "1/2-1/2"]
[WhiteElo "2581"]
[BlackElo "2366"]
[TimeControl "180+1"]
[EndTime "14:18:28 PDT"]
[Termination "Game drawn by repetition"]

1. d4 d5 2. Bf4 Bf5 3. e3 e6 4.
Bd3 Bxd3 5. cxd3 c6 6. Nc3 Bd6 7. Qg4 g6 8. h4 h5 9. Qg3 Bxf4 10. Qxf4 Nd7 11. Nf3 Nh6 12. e4 Ng4 13. Ng5 Qf6 14.
Ne2 Qxf4 15. Nxf4 O-O 16. f3 Ngf6 17. Kf2 a5 18. e5 Nh7 19. g4 hxg4 20. fxg4 Nxg5 21.
hxg5 Kg7 22. Rh6 Rh8 23. Rah1 b6 24. Ke3 a4 25. a3 c5 26. R1h2 Rac8 27. Rh1 Nb8 28.
Ne2 Nc6 29. Kf4 Nxd4 30. Nxd4 cxd4 31. Rxh8 Rxh8 32. Rxh8 Kxh8 33. Kf3 Kg8 34. Ke2 Kf8 35. Kd2 Ke7 36. Kc2 Kd7 37. b3 b5 38. Kc1 Kc6 39. Kb1 Kb6 40. Ka1 axb3 41. Kb2 Ka6 42. Kxb3 Ka5 43.
Kb2 Ka4 44. Ka2 b4 45. axb4 Kxb4 46. Kb2 Ka4 47. Ka2 Kb4 48. Kb2 Ka4 49. Ka2 Ka5 50. Ka3 Kb5 51. Kb3 Ka5 52. Ka3 Kb5 53. Kb3 Ka5 54. Ka3 1/2-1/2

[Event "Late-Titled-Tuesday-Blitz-September-26-2023"]
[Site "Chess.com"]
[Date "2023.09.26"]
[Round "2"]
[White "FrankDux44"]
[Black "artin10862"]
[Result "0-1"]
[WhiteElo "2570"]
[BlackElo "2890"]
[TimeControl "180+1"]
[EndTime "14:18:29 PDT"]
[Termination "artin10862 won by resignation"]

1. e4 g6 2. Nc3 Bg7 3. g3 d6 4. Bg2 Nf6 5. d3 O-O 6. h3 c5 7. Be3 Nc6 8. Qd2 Rb8 9. Bh6 b5 10. Bxg7 Kxg7 11. Nge2 b4 12. Nd1 Nd4 13. c3 bxc3 14.
bxc3 Nxe2 15. Qxe2 Qa5 16. O-O Ba6 17. f4 Nd7 18. Rf2 Bb5 19. Rc1 Qa3 20. Qd2 Bxd3 21.
Ne3 c4 22. Re1 Rb5 23. f5 Rfb8 24. Ng4 Rb2 25. Qh6+ Kg8 26. fxg6 hxg6 27. Qg5 Rxf2 28. Nxf2 Qxc3 29. Re3 Qc1+ 30. Kh2 Rb1 31. h4 Qg1+ 32. Kh3 Qxf2 33. Rf3 Rh1+ 34. Bxh1 Bf1+ 35. Kg4 Ne5+ 36. Qxe5 Qxf3+ 37. Kxf3 dxe5 38. Ke3 Bd3 39. Kd2 f5 40. exf5 gxf5 41. a4 e4 42. a5 e5 43. g4 f4 44. g5 e3+ 45. Kc3 e4 46. h5 f3 47. h6 f2 48. Bxe4 Bxe4 0-1

[Event "Late-Titled-Tuesday-Blitz-September-26-2023"]
[Site "Chess.com"]
[Date "2023.09.26"]
[Round "2"]
[White "Roedor"]
[Black "dennisodessa"]
[Result "1-0"]
[WhiteElo "2358"]
[BlackElo "2530"]
[TimeControl "180+1"]
[EndTime "14:18:29 PDT"]
[Termination "Roedor won by resignation"]

1. d4 e6 2. c4 Nf6 3. g3 Bb4+ 4.
Nd2 O-O 5. Bg2 c5 6. Nf3 cxd4 7. Nxd4 Nc6 8. Nc2 Be7 9. O-O d5 10. cxd5 Nxd5 11. Ne4 b6 12. Nd4 Bb7 13. Nxc6 Bxc6 14. Bd2 Rc8 15. Nc3 Bf6 16. Nxd5 Bxd5 17. Bxd5 Qxd5 18.
Bb4 Rfd8 19. Qxd5 exd5 20. Ba3 Rc2 21. e3 Bxb2 22. Bxb2 Rxb2 23. a4 g6 24. Rfc1 d4 25. Rd1 d3 26. Ra3 d2 27. Kf1 Kg7 28. g4 h5 29.
gxh5 gxh5 30. Ke2 Kg6 31. e4 Kg5 32. Rf3 f6 33. Rg1+ Kh6 34. Rxf6+ Kh7 35. Rf7+ Kh8 36. Rd1 a5 37. e5 Rb4 38. Rxd2 Re4+ 39. Kd1 Rxd2+ 40. Kxd2 Rxe5 41. Rb7 Re4 42. Rxb6 Rxa4 43. Rh6+ Kg7 44. Rxh5 Kg6 45. Rb5 Ra2+ 46. Ke3 a4 47. h4 a3 48. Ra5 Ra1 49. Kf4 a2 50. h5+ Kh6 51. f3 Kg7 52. Ra6 Kf7 53. h6 Rh1 54.
Ra7+ Kf6 55. Rxa2 Rh4+ 56. Ke3 Rxh6 57. Ra6+ Kg7 58. Rxh6 Kxh6 59. Kf4 Kg6 60. Ke5 Kf7 61. Kf5 Kg7 62. Ke6 1-0

[Event "Late-Titled-Tuesday-Blitz-September-26-2023"]
[Site "Chess.com"]
[Date "2023.09.26"]
[Round "2"]
[White "Rainbow2014"]
[Black "kai_nov"]
[Result "1-0"]
[WhiteElo "2466"]
[BlackElo "2237"]
[TimeControl "180+1"]
[EndTime "14:18:33 PDT"]
[Termination "Rainbow2014 won on time"]

1. e4 c5 2. Nf3 Nc6 3. Bb5 e6 4. O-O Nge7 5. c3 a6 6. Ba4 b5 7. Bc2 Bb7 8. Re1 Ng6 9. d3 Be7 10. Nbd2 Qc7 11. Nf1 Rc8 12. Ng3 O-O 13. a4 b4 14. Bd2 a5 15. Bb3 Ba6 16. d4 cxd4 17. cxd4 Nf4 18. d5 Na7 19. Bxf4 Qxf4 20. Qd4 Bc5 21.
Qe5 Qh6 22. Rad1 d6 23. Qh5 Qxh5 24. Nxh5 e5 25. Ng3 g6 26. Rc1 Rc7 27. Nd2 Nc8 28. Bc4 Bb7 29. Bb5 Nb6 30. b3 Rfc8 31. Kf1 Rf8 32. Nc4 Nxc4 33. Rxc4 f5 34. f3 f4 35. Ne2 Bc8 36. Rec1 Rg7 37. R1c2 g5 38. h3 h5 39. Nc1 g4 40. hxg4 hxg4 41. Rxc5 dxc5 42.
Rxc5 gxf3 43. gxf3 Bh3+ 44. Ke2 Rg2+ 45. Kd3 Rf7 46.
Bc6 Rg1 47. d6 Rd1+ 48. Kc4 Bf1+ 49. Nd3 Bxd3+ 50. Kd5 Bc2+ 51. Kxe5 Bxb3 52. d7 Rfxd7 53. Bxd7 Rxd7 54. Rxa5 Bd1 55. Rb5 1-0

[Event "Late-Titled-Tuesday-Blitz-September-26-2023"]
[Site "Chess.com"]
[Date "2023.09.26"]
[Round "2"]
[White "Defend1r"]
[Black "AlexPapasimakopoulos"]
[Result "1-0"]
[WhiteElo "2519"]
[BlackElo "2719"]
[TimeControl "180+1"]
[EndTime "14:18:38 PDT"]
[Termination "Defend1r won by checkmate"]

1. e4 e6 2. d4 d5 3. Nc3 Bb4 4. e5 c5 5. a3 Bxc3+ 6. bxc3 Nc6 7. Qg4 g6 8. a4 Qa5 9. Bd2 Bd7 10.
h4 h6 11. Nf3 O-O-O 12. Qf4 Rh7 13. dxc5 Qxc5 14. Bd3 Rf8 15. O-O Rg7 16. Rfe1 Na5 17.
Be3 Qxc3 18. Bxa7 Nc6 19. Bb6 g5 20. hxg5 hxg5 21. Nxg5 Qb4 22. Qxb4 Nxb4 23. Bc5 Re8 24. Nxf7 Nxd3 25. Nd6+ Kb8 26. Nxe8 Nxe1 27. Nxg7 Nxc2 28.
Rd1 Bxa4 29. Rd2 Kc7 30. Nxe6+ Kc6 31. Bd6 Kb6 32. Nd4 Nxd4 33. Rxd4 Bc6 34. f4 Nh6 35. e6 Nf5 36. Rb4+ Ka5 37. Bc5 d4 38. e7 d3 39.
Rb3 b6 40. Bxb6+ Ka6 41. Bd8 d2 42. Rd3 Kb7 43. Rxd2 Kc8 44. Kf2 Nh6 45. Rc2 Kd7 46. Rxc6 Nf5 47. Rf6 Ng7 48. Rf8 Ke6 49. e8=Q+ Nxe8 50. Rxe8+ Kf5 51. g3 Kg4 52. Rg8+ Kh3 53. Kf3 Kh2 54.
Bb6 Kh3 55. Rh8# 1-0

[Event "Late-Titled-Tuesday-Blitz-September-26-2023"]
[Site "Chess.com"]
[Date "2023.09.26"]
[Round "2"]
[White "Misticpikachu"]
[Black "aranibos"]
[Result "1-0"]
[WhiteElo "2564"]
[BlackElo "2295"]
[TimeControl "180+1"]
[EndTime "14:18:40 PDT"]
[Termination "Misticpikachu won on time"]

1. c4 e5 2. Nc3 Nf6 3. Nf3 e4 4. Ng5 b5 5. Ngxe4 bxc4 6. d3 Nxe4 7. Nxe4 d5 8. Nc3 cxd3 9. Qxd3 c6 10. e4 Ba6 11.
Qd1 Bxf1 12. Kxf1 d4 13. Ne2 c5 14. Qd3 Nd7 15. Bf4 Be7 16. b3 O-O 17. Rc1 a5 18. g3 a4 19. Kg2 a3 20. h4 h6 21.
Qf3 Qb6 22. Rc4 Qe6 23. Rd1 Rfe8 24. Nc1 g5 25. hxg5 hxg5 26. Bd2 Ne5 27. Qe2 Nxc4 28. bxc4 Bf6 29. f3 g4 30. Rh1 gxf3+ 31. Kxf3 Bg7 32. Bf4 Re7 33. Nd3 Qc6 34. Nf2 Rae8 35. Kg2 f5 36.
Qh5 fxe4 37. Qh7+ Kf8 38. Rh6 Re6 39. Qf5+ Rf6 40. Rxf6+ Qxf6 41. Qxc5+ Kg8 42. Qd5+ Qe6 43. Qxe6+ Rxe6 44. Ng4 e3 45. Kf1 Rb6 46. Bxe3 dxe3 47. Nxe3 Rb2 48. c5 Rxa2 49. c6 Ra1+ 50. Ke2 Rc1 51. Nd5 a2 52. c7 a1=Q 53. c8=Q+ Rxc8 54. Ne7+ Kf7 55. Nf5 1-0

[Event "Late-Titled-Tuesday-Blitz-September-26-2023"]
[Site "Chess.com"]
[Date "2023.09.26"]
[Round "2"]
[White "Mesa_1"]
[Black "vanyakuba"]
[Result "1/2-1/2"]
[WhiteElo "2643"]
[BlackElo "2387"]
[TimeControl "180+1"]
[EndTime "14:18:41 PDT"]
[Termination "Game drawn by repetition"]

1. d4 d5 2. Nf3 c5 3. e3 Nf6 4.
dxc5 e6 5. b4 a5 6. c3 b6 7.
cxb6 axb4 8. Qd4 Nbd7 9. Bb5 Bd6 10. cxb4 O-O 11. a4 e5 12. Qb2 Qxb6 13. O-O e4 14. Nd4 Ne5 15. h3 Nd3 16. Bxd3 exd3 17. Bd2 Ne4 18.
a5 Qd8 19. Qb3 Qg5 20. Nf3 Qh5 21. Nc3 Nxd2 22. Nxd2 Bxh3 23. Qxd5 Qg6 24. Qe4 Bf5 25. Qf3 Qh6 26. g3 Be6 27. Nce4 Bxb4 28. Kg2 Bxa5 29.
Rh1 Qg6 30. Ra4 Bd5 31. Rh4 Bxd2 32. Rxa8 Rxa8 33. Nf6+ Qxf6 34. Qxd5 Rf8 35. Rf4 Qe6 36. Qxd3 Be1 37. Qb1 Qg6 38. Qxe1 Qc6+ 39. e4 Qe6 40. Qe3 g6 41. Qf3 f6 42. Qe3 Kg7 43. Rh4 Kg8 44. Rf4 Rf7 45. Qf3 Qe5 46. Qb3 Kg7 47. Qd3 Re7 48.
Rh4 h5 49. Qe3 g5 50. Rxh5 Qxe4+ 51. Qxe4 Rxe4 52. Rh1 Ra4 53. Rb1 Ra2 54. Rb7+ Kg6 55. Kf3 Ra3+ 56. Kg2 Ra2 57. Rd7 Rb2 58. Ra7 Rc2 59.
Rb7 Ra2 1/2-1/2

[Event "Late-Titled-Tuesday-Blitz-September-26-2023"]
[Site "Chess.com"]
[Date "2023.09.26"]
[Round "2"]
[White "sergoy"]
[Black "AsaHoffmann"]
[Result "1-0"]
[WhiteElo "2944"]
[BlackElo "2396"]
[TimeControl "180+1"]
[EndTime "14:18:41 PDT"]
[Termination "sergoy won by resignation"]

1. d4 Nf6 2. c4 c5 3. d5 e5 4.
Nc3 d6 5. Nf3 Be7 6. a3 Nbd7 7.
b4 b6 8. e4 Nf8 9. g3 Ng6 10. h4 O-O 11. h5 Nh8 12. h6 g6 13.
Be2 Ne8 14. Be3 f5 15. exf5 Bxf5 16. Nd2 Nf6 17. g4 Bd7 18. g5 Ne8 19. Nde4 Bf5 20. bxc5 bxc5 21. Rb1 Qa5 22. Bd2 Nf7 23. Rb7 Qd8 24. Rg1 a6 25. Qa4 Rb8 26. Qxa6 Rxb7 27. Qxb7 Qc7 28. Qxc7 Nxc7 29. f3 Ra8 30. a4 Bd7 31.
Bd1 Na6 32. Nb5 Nb4 33. Ke2 Rc8 34. Bb3 Rb8 35. Bxb4 cxb4 36. c5 Bxb5+ 37. axb5 dxc5 38. d6 Bd8 39. Ra1 Kf8 40. Nxc5 Rxb5 41. Ne6+ Ke8 42. Ra8 Nxd6 43. Nxd8 Ke7 44. Nc6+ Kd7 45. Na5 Kc7 46. Nc4 Nxc4 47. Bxc4 Rc5 48. Kd3 e4+ 49.
fxe4 Rxg5 50. Ra7+ Kb6 51. Rxh7 Kc5 52. Rc7+ Kb6 53. h7 Rh5 54. Rg7 Kc5 55. Be6 b3 56.
Bxb3 Rh3+ 57. Kc2 Kd4 58. Bd5 Ke5 59. Bg8 Kf6 60. Rf7+ Ke5 61. Rf8 g5 62. Kd2 g4 63.
Ke2 g3 64. Kf3 Kd4 65. Kg2 Rh6 66. Kxg3 Kxe4 67. Bd5+ Kxd5 68. h8=Q 1-0